 Dungeon Crawl Stone Soup version 0.30.0-18-gc0e69614cb (webtiles) character file.

Game seed: 2910664740364755256

805 jagang the Covered (level 7, -1/65 HPs)
             Began as an Armataur Fighter on May 23, 2023.
             Slain by a water moccasin (2 damage)
             ... on level 5 of the Dungeon.
             The game lasted 00:15:44 (3875 turns).

jagang the Covered (Armataur Fighter)               Turns: 3875, Time: 00:15:51

Health: -1/65      AC: 11    Str: 18 (24) XL:     7   Next: 60%
Magic:  7/7        EV:  4    Int:  4 (8)  God:
Gold:   141        SH:  7    Dex:  3 (9)  Spells: 5/6 levels left

rFire   . . .        h - +8 hammer "Lecrionn" {elec, rN++}
rCold   . . .        q - +0 kite shield
rNeg    + + .        B - +0 chain mail
rPois   .            l - +0 helmet
rElec   .            C - +0 cloak
rCorr   .            (no gloves)
SInv    .            (no barding)
Will    .....        (no amulet) Stlth
                     (no ring)
HPRegen 0.30/turn    (no ring)
MPRegen 0.10/turn

%: roll
@: lethally poisoned (-1 -> -24)
A: large, rugged brown scales 3, deformed body, armoured tail, roll, long
tongue, awkward tongue
a: no special abilities


You were on level 5 of the Dungeon.
You visited 1 branch of the dungeon, and saw 5 of its levels.

You collected 141 gold pieces.

Inventory:

Hand Weapons
 a - a +0 long sword
 h - the +8 hammer "Lecrionn" (weapon) {elec, rN++}
   (You found it on level 2 of the Dungeon)

   rN:        It greatly protects you from negative energy.
 x - a +1 short sword of holy wrath
Missiles
 e - 3 silver javelins (quivered)
 t - a throwing net
Armour
 c - a +0 buckler
 l - a +0 helmet (worn)
 q - a +0 kite shield (worn)
 B - a +0 chain mail (worn)
 C - a +0 cloak (worn)
Jewellery
 A - a ring of magical power
Wands
 v - a wand of flame (26)
Scrolls
 f - 3 scrolls of magic mapping {unknown}
 g - 2 scrolls of amnesia {unknown}
 m - 2 scrolls of teleportation {unknown}
 n - 2 scrolls of enchant armour {unknown}
 o - 4 scrolls of identify {unknown}
 s - 2 scrolls of enchant weapon {unknown}
 u - a scroll of brand weapon {unknown}
 w - 3 scrolls of fear {unknown}
 y - 2 scrolls of blinking {unknown}
 D - a scroll of poison {unknown}
Potions
 b - a potion of cancellation {unknown}
 d - a potion of might
 i - 3 potions of degeneration
 j - 2 potions of attraction {unknown}
 k - a potion of flight {unknown}
 p - a potion of haste {unknown}
 r - 3 potions of curing {unknown}
 z - 2 potions of ambrosia {unknown}


   Skills:
 + Level 5.4 Fighting
 - Level 2.5 Long Blades
 + Level 2.7 Maces & Flails
 + Level 5.6 Armour
 + Level 5.2 Shields
 - Level 1.3 Translocations


You had 5 spell levels left.
You knew the following spells:

 Your Spells              Type           Power      Damage    Failure   Level
a - Apportation           Tloc           2%         N/A       100%        1

Your spell library contained the following spells:

 Spells                   Type           Power      Damage    Failure   Level
 Necrotise                Necr           0%         1d4       100%        1
 Summon Small Mammal      Summ           0%         N/A       100%        1
 Scorch                   Fire           0%         2d5       100%        2
 Dazzling Flash           Conj/Hex       0%         N/A       100%        3
 Ozocubu's Armour         Ice            0%         N/A       100%        3
 Volatile Blastmotes      Fire/Tloc      0%         2d10      100%        3
 Flame Wave               Conj/Fire      0%         2d4       100%        4
 Iskenderun's Mystic Bla  Conj/Tloc      0%         2d3       100%        4
 Metabolic Englaciation   Hex/Ice        0%         N/A       100%        5
 Simulacrum               Ice/Necr       0%         N/A       100%        6
 Starburst                Conj/Fire      0%         6d3       100%        6
 Summon Cactus Giant      Summ           0%         N/A       100%        6


Dungeon Overview and Level Annotations

Branches:
Dungeon (5/15)
 Temple: D:4-7

Altars:
Elyvilon
Fedhas
Sif Muna
Trog
Yredelemnul

Shops:
D:1 (=

Annotations:
D:5 Menkaure


Innate Abilities, Weirdness & Mutations

You are completely covered in rugged brown scales. (AC +3, +7% HP)
Armour fits poorly on your strangely shaped body.
You have a long armoured tail.
You roll when moving toward enemies. (Rampage)
Your long tongue fully drains potion bottles. (2x potion effects)
Your tongue gives you trouble enunciating. (1.5x scroll delay)


Message History

You roll towards the water moccasin!
Menkaure, Prince of Dust comes into view.
Found a trident.
Found a shimmering blue altar of Sif Muna.
The water moccasin bites you but does no damage.
Menkaure calls on the powers of darkness!
The water moccasin convulses!
Your body is wracked with pain!
There is an open door here.
The water moccasin bites you.
You are poisoned.
The water moccasin poisons you!
You hit the water moccasin.
Lightning courses through the water moccasin!
The water moccasin is almost dead.
You feel very sick. You block the water moccasin's attack.
The water moccasin bites you!
You closely miss the water moccasin.
Your tail-slap misses the water moccasin.
The water moccasin is almost dead.
You feel very sick. You block the water moccasin's attack.
The water moccasin bites you.
You are lethally poisoned!
The water moccasin poisons you!
You closely miss the water moccasin.
The water moccasin is almost dead.
* * * LOW HITPOINT WARNING * * *
You feel very sick.
The water moccasin bites you but does no damage.
The water moccasin bites you!
* * * LOW HITPOINT WARNING * * *
You are more poisoned.
The water moccasin poisons you!
It was a potion of degeneration.
There was something very wrong with that liquid.
You feel weakened.
You feel dopey.
You feel clumsy.
You slurp down every last drop of the potion of degeneration!
* * * LOW HITPOINT WARNING * * *
You feel extremely sick. The water moccasin bites you.
You die...

......####..###.# #.
##..............# #.
################################.
.... .........................
#### ###......################
... .........# .... .........+
##.. .##......# . #.....@#
#####S## #.# #M# ... .....
....... #....._.. #......M..


You could see a water moccasin and Menkaure.

Vanquished Creatures
  Eustachio (D:5)
  3 scorpions
  A hound (D:4)
  2 orc priests (D:5)
  Crazy Yiuf (D:2)
  A gnoll bouda (D:4)
  An iguana (D:5)
  3 orc wizards
  9 gnolls
  6 adders
  2 worms
  5 dart slugs
  10 orcs
  6 ball pythons
  7 endoplasms
  3 giant cockroaches
  5 hobgoblins
  2 jackals (D:1)
  5 kobolds
  6 quokkas
  5 bats
  2 frilled lizards
  7 goblins
  5 rats
98 creatures vanquished.

Notes
Turn   | Place    | Note
-------+----------+-------------------------------------------
     0 | D:1      | jagang the Armataur Fighter began the quest for the Orb.
     0 | D:1      | Reached XP level 1. HP: 19/19 MP: 1/1
    89 | D:1      | Found Hyseishra's Antique Weapon Boutique.
   113 | D:1      | Reached XP level 2. HP: 24/26 MP: 2/2
   191 | D:1      | Found Wuwehymm's One-of-a-Kind Rings.
   525 | D:2      | Reached XP level 3. HP: 25/33 MP: 3/3
   858 | D:2      | Reached XP level 4. HP: 40/40 MP: 4/4
  1150 | D:2      | Identified the +8 hammer "Lecrionn" {elec, rN++}
  1156 | D:2      | Found a runed translucent door.
  1157 | D:2      | Noticed Crazy Yiuf
  1162 | D:2      | Killed Crazy Yiuf
  1524 | D:3      | Reached XP level 5. HP: 47/49 MP: 5/5
  1753 | D:3      | Found a bloodstained altar of Trog.
  1782 | D:3      | Reached skill level 1 in Maces & Flails
  1845 | D:3      | Found a basalt altar of Yredelemnul.
  1901 | D:3      | Reached XP level 6. HP: 56/56 MP: 6/6
  2568 | D:4      | Learned a level 1 spell: Apportation
  2591 | D:4      | Found a blossoming altar of Fedhas.
  2859 | D:4      | Reached skill level 5 in Armour
  2859 | D:4      | Reached skill level 1 in Translocations
  3219 | D:5      | Entered Level 5 of the Dungeon
  3416 | D:4      | Reached skill level 5 in Fighting
  3416 | D:4      | Reached XP level 7. HP: 41/65 MP: 7/7
  3643 | D:5      | Noticed Eustachio
  3678 | D:5      | Killed Eustachio
  3679 | D:5      | Reached skill level 5 in Shields
  3868 | D:5      | Found a white marble altar of Elyvilon.
  3869 | D:5      | Noticed Menkaure
  3869 | D:5      | Found a shimmering blue altar of Sif Muna.
  3875 | D:5      | HP: 1/65 [poisoned by a water moccasin]
  3875 | D:5      | Slain by a water moccasin

Illustrated notes

Levels and vault maps discovered:
D:1:      minmay_arrival_doors, layout_rooms, serial_shops, shop, serial_bayou,
          serial_bayou_pond_b, serial_bayou_shore_a, serial_bayou_pond_c,
          serial_bayou_shore_b, hangedman_decor_clover_reticule,
          nicolae_shop_unique_rings
D:2:      layout_loops_ring, uniq_crazy_yiuf_cottage
D:3:      layout_basic, mainiacjoe_overflow_alcove_1, lightli_temple_of_fire
D:4:      layout_loops_corners, fedhas_ov_isle_minmay
D:5:      layout_basic, grunt_temple_overflow_open, uniq_menkaure,
          uniq_eustachio

Skill      XL: |  1  2  3  4  5  6  7 |
---------------+----------------------+-----
Fighting       | 3 4 5 |  5.4
Long Blades    | 2 |  2.5
Armour         | 4 5 |  5.6
Shields        | 4 5 |  5.2
Maces & Flails | 1 2 |  2.7
Translocations | 1 |  1.3

Action                     |  1- 3 |  4- 6 |  7- 9 || total
---------------------------+-------+-------+-------++-------
  Melee: Long sword        |   101 |    47 |       ||   148
         Tailslap          |    10 |    13 |     1 ||    24
         Mace              |       |    91 |    31 ||   122
    Use: Potion            |       |       |     1 ||     1
 Armour: Scale mail        |    51 |    74 |       ||   125
         Chain mail        |       |    27 |    25 ||    52
  Dodge: Dodged            |    38 |    43 |     6 ||    87
  Block: Buckler           |    15 |    27 |     3 ||    45
         Kite shield       |       |       |    17 ||    17
